 Dungeon Crawl Stone Soup version 0.28-a0-779-g3d1f99b579 (webtiles) character file.

Game seed: 7321376950851791576

1106 pascalblue the Conjurer (level 8, 0/41 HPs)
             Began as a Deep Elf Conjurer on Nov 2, 2021.
             Was a Believer of Uskayaw.
             Succumbed to a kobold brigand's curare-tipped dart
             ... on level 5 of the Dungeon.
             The game lasted 00:15:30 (4432 turns).

pascalblue the Conjurer (Deep Elf Conjurer)         Turns: 4432, Time: 00:15:30

Health: 0/41       AC:  8    Str:  4    XL:     8   Next: 11%
Magic:  16/20      EV: 12    Int: 26    God:    Uskayaw [**....]
Gold:   231        SH:  0    Dex: 13    Spells: 10/20 levels left

rFire   . . .      SeeInvis .   t - +2 mace (protect)
rCold   . . .      Faith    .   (no shield)
rNeg    . . .      Spirit   .   q - +2 robe {Will+}
rPois   .          Reflect  .   (no helmet)
rElec   .          Harm     +   m - scarf {harm}
rCorr   .          Rampage  .   (no gloves)
Will    +....                   (no boots)
Stlth   ++........              n - amulet of magic regeneration
HPRegen 0.13/turn               o - +4 ring of protection
MPRegen 0.42/turn               (no ring)

@: lethally poisoned (0 -> -1), freezing walls, slowed, very slow
A: no striking features
a: Renounce Religion, Stomp, Line Pass


You were on level 5 of the Dungeon.
You worshipped Uskayaw.
Uskayaw was noncommittal.
You visited 1 branch of the dungeon, and saw 6 of its levels.

You collected 231 gold pieces.

Inventory:

Hand Weapons
 c - a +0 short sword
 t - a +2 mace of protection (weapon)
Armour
 a - a +0 robe
 m - a scarf of harm (worn)
 q - a +2 robe of willpower (worn)
 r - a +2 robe of willpower
Jewellery
 n - an amulet of magic regeneration (around neck)
 o - a +4 ring of protection (left hand)
Scrolls
 d - 3 scrolls of fog {unknown}
 e - a scroll of enchant weapon {unknown}
 i - 4 scrolls of identify {unknown}
 k - a scroll of acquirement {unknown}
 s - a scroll of magic mapping {unknown}
 w - a scroll of teleportation {unknown}
Potions
 b - a potion of flight {unknown}
 f - 2 potions of heal wounds {unknown}
 g - 4 potions of curing {unknown}
 h - a potion of haste {unknown}
 j - a potion of brilliance {unknown}
 l - 2 potions of attraction {unknown}
 p - a potion of cancellation {unknown}
 u - a potion of mutation {unknown}
 v - a potion of invisibility {unknown}


   Skills:
 - Level 3.0 Dodging
 - Level 3.0 Stealth
 + Level 6.9 Spellcasting
 + Level 7.4 Conjurations
 + Level 5.1 Hexes
 + Level 4.2 Ice Magic


You had 10 spell levels left.
You knew the following spells:

 Your Spells              Type           Power      Damage    Failure   Level
a - Magic Dart            Conj           100%       1d8       1%          1
b - Frozen Ramparts       Ice            62%        1d8       3%          3
c - Fulminant Prism       Conj/Hex       20%        3d13      4%          4
d - Searing Ray           Conj           94%        2d7       1%          2

Your spell library contained the following spells:

 Spells                   Type           Power      Damage    Failure   Level
 Dazzling Flash           Conj/Hex       82%        N/A       1%          3
 Iskenderun's Mystic Bla  Conj/Tloc      28%        2d7       14%         4
 Ice Form                 Ice/Tmut       20%        N/A       26%         4
 Summon Ice Beast         Ice/Summ       20%        N/A       26%         4


Dungeon Overview and Level Annotations

Branches:
Dungeon (6/15)
 Temple: D:4-7

Altars:
Uskayaw


Message History

You feel very sick.
You feel sick.
The kobold throws a stone.
The stone closely misses you.
The kobold hits you with a +0 short sword.
* * * LOW HITPOINT WARNING * * *
Okay, then.
Okay, then.
Casting: Magic Dart (safe; 1% risk of failure)
Confirm with . or Enter, or press ? or * to list all spells.
Casting: Frozen Ramparts (dangerous; 3% risk of failure)
Press: ? - help, Dir - look around, f - activate The walls around you are covered in ice.
You feel sick.
The wall freezes the orc.
The wall freezes the kobold brigand.
The wall freezes the kobold.
You kill the kobold!
The wall freezes the orc!
You kill the orc!
Unknown command.
Casting: Frozen Ramparts (dangerous; 3% risk of failure)
Confirm with . or Enter, or press ? or * to list all spells.
You cannot sustain more frozen ramparts right now.
Casting: Frozen Ramparts (dangerous; 3% risk of failure)
Confirm with . or Enter, or press ? or * to list all spells.
Aiming: Searing Ray (safe; 1% risk of failure)
Press: ? - help, Shift-Dir - straight line, f - kobold
Aim: a kobold, wielding a +0 short sword (77% to hit)
The searing ray hits the kobold brigand!
The kobold brigand is heavily wounded.
The searing ray hits the kobold.
The kobold is severely wounded. (Press . to maintain the ray.)
* * * LOW HITPOINT WARNING * * *
You feel sick.
The wall freezes the kobold.
You kill the kobold!
The wall freezes the kobold brigand!
The kobold brigand hits you with a +0 whip.
* * * LOW HITPOINT WARNING * * *
You can now pass through a line of other dancers.
The searing ray hits the kobold brigand!
You kill the kobold brigand!
You die...

#.....................#
##
####.##...............#
.###
#.##...<...........#
...#
#.#..........)†....#
##.#
##.#.#......)......##
#.#
#..#.##....).>....##
#.###....######))######
#.##...### #)##
##.#..#.# #@# #....#..#
#.# #..###.## #.#
.....#.# #.# ####.#.#
#######.# ####...#
#.......# ##....##
#.......#
#..##.####.......#
#.###.##.........#


There were no monsters in sight!

Vanquished Creatures
  Grinder (D:4)
  Sigmund (D:4)
  A water moccasin (D:5)
  2 ogres
  Blork the orc (D:4)
  A kobold brigand (D:5)
  A water moccasin zombie (D:5)
  2 hounds (D:5)
  A bullfrog skeleton (D:5)
  A bullfrog zombie (D:5)
  Jessica (D:2)
  2 iguanas
  8 adders
  A worm (D:4)
  A dart slug (D:3)
  9 orcs
  4 endoplasms
  4 giant cockroaches (D:1)
  4 goblins
  2 hobgoblins
  7 jackals
  6 quokkas
  5 ball pythons
  9 bats
  2 frilled lizards (D:3)
  12 kobolds
  2 rats (D:3)
91 creatures vanquished.

Notes
Turn   | Place    | Note
-------+----------+-------------------------------------------
     0 | D:1      | pascalblue the Deep Elf Conjurer began the quest for the
                  | Orb.
     0 | D:1      | Reached XP level 1. HP: 10/10 MP: 6/6
   163 | D:1      | Found a faded altar of an unknown god.
   285 | D:1      | Reached XP level 2. HP: 15/15 MP: 6/8
   552 | D:1      | Reached skill level 5 in Conjurations
  1320 | D:2      | Noticed Jessica
  1322 | D:2      | Killed Jessica
  1323 | D:2      | Reached XP level 3. HP: 19/19 MP: 7/10
  1482 | D:2      | Reached XP level 4. HP: 24/24 MP: 6/11
  1751 | D:3      | Found a hide-covered altar of Uskayaw.
  1756 | D:3      | Became a worshipper of Uskayaw the Reveller
  1794 | D:3      | Reached * piety under Uskayaw
  1797 | D:3      | Reached ** piety under Uskayaw
  1804 | D:3      | Reached *** piety under Uskayaw
  1818 | D:3      | Learned a level 3 spell: Frozen Ramparts
  1832 | D:3      | Learned a level 4 spell: Fulminant Prism
  1835 | D:3      | Learned a level 2 spell: Searing Ray
  2694 | D:4      | Reached XP level 5. HP: 28/28 MP: 10/13
  2754 | D:4      | Noticed an ogre
  2766 | D:4      | Killed an ogre
  2767 | D:4      | Reached skill level 6 in Conjurations
  2767 | D:4      | Reached skill level 1 in Hexes
  2767 | D:4      | Reached skill level 1 in Ice Magic
  2852 | D:4      | Noticed Sigmund
  2989 | D:4      | Noticed Blork the orc
  3007 | D:4      | Killed Sigmund
  3008 | D:4      | Reached skill level 5 in Spellcasting
  3008 | D:4      | Reached XP level 6. HP: 11/32 MP: 12/16
  3012 | D:4      | Killed Blork the orc
  3341 | D:4      | Noticed Grinder
  3347 | D:4      | Killed Grinder
  3348 | D:4      | Reached XP level 7. HP: 32/36 MP: 10/18
  3849 | D:5      | Entered Level 5 of the Dungeon
  3909 | D:5      | Reached skill level 7 in Conjurations
  4366 | D:5      | Reached skill level 5 in Hexes
  4366 | D:5      | Reached XP level 8. HP: 34/41 MP: 16/20
  4431 | D:5      | HP: 1/41 [kobold brigand (2)]
  4432 | D:5      | Succumbed to a kobold brigand's curare-tipped dart

Illustrated notes

Levels and vault maps discovered:
D:1:      nicolae_arrival_memento_mori, layout_rooms,
          hellmonk_ecumenical_altar_run_dry, moated_statue,
          corexii_hall_statues_t, minmay_misc_feat_four_crosses,
          chequers_mini_garden, minmay_octomino_e4
D:2:      layout_basic, serial_glass, glass_columns_c, glass_columns_a,
          glass_columns_b, glass_columns_b, glass_columns_c, item_on_display_a,
          minmay_misc_feat_plants, uniq_jessica
D:3:      minmay_angry_zag, layout_loops_ring, mainiacjoe_overflow_alcove_1,
          fountainhead
D:4:      layout_loops_ring, uniq_grinder, uniq_blork_the_orc, uniq_sigmund
D:5:      layout_rooms, kennysheep_generic_room_9
D:6:      layout_cave_pods, mainiacjoe_overflow_brackets

Skill      XL: |  1  2  3  4  5  6  7 |
---------------+----------------------+-----
Conjurations   | 5 6 7 |  7.4
Stealth        | 3 |  3.0
Spellcasting   | 4 5 6 |  6.9
Dodging        | 3 |  3.0
Hexes          | 2 3 5 |  5.1
Ice Magic      | 2 3 4 |  4.2

Action                   |  1- 3 |  4- 6 |  7- 9 || total
-------------------------+-------+-------+-------++-------
 Cast: Magic Dart        |    51 |    58 |    55 ||   164
       Searing Ray       |       |     6 |     5 ||    11
       Frozen Ramparts   |       |       |     2 ||     2
Armor: Robe              |     1 |     4 |    18 ||    23
Dodge: Dodged            |     6 |    11 |    22 ||    39

Table legend: (Time is in decaauts)
 A = Elapsed time spent in this place.
 B = Non-inter-level travel time spent in this place.
 C = Inter-level travel time spent in this place.
 D = Time resting spent in this place.
 E = Time spent auto-exploring this place.
 F = Levels seen in this place.
 G = Mean time per level.
                   A        B        C        D        E       F      G
               +--------+--------+--------+--------+--------+-----+--------+
         Total |   4435 |   4260 |    175 |    476 |   3246 |   6 |  739.2 |
       Dungeon |   4435 |   4260 |    175 |    476 |   3246 |   6 |  739.2 |
               +--------+--------+--------+--------+--------+-----+--------+

Top non-repeatable levels by time:
     D:4: 1215 daAuts
     D:2: 948 daAuts
     D:3: 885 daAuts
     D:1: 799 daAuts
     D:5: 578 daAuts
     D:6: 7 daAuts
